 Dungeon Crawl Stone Soup version 0.28.0-47-ge53b351184 (webtiles) character file.

Game seed: 3670326595034744487

79 warriortoast the Firebug (level 4, 0/24 HPs)
             Began as a Deep Elf Fire Elementalist on May 10, 2022.
             Slain by a gnoll
             ... wielding a +0 flail
              (8 damage)
             ... on level 3 of the Dungeon.
             The game lasted 00:04:39 (2118 turns).

warriortoast the Firebug (DEFE)                     Turns: 2118, Time: 00:04:40

Health: 0/24       AC:  2    Str:  5    XL:     4   Next: 16%
Magic:  9/12       EV: 12    Int: 22    God:
Gold:   118        SH:  0    Dex: 15    Spells: 10/11 levels left

rFire   . . .      SeeInvis .   (no weapon)
rCold   . . .      Faith    .   (no shield)
rNeg    . . .      Spirit   .   a - +0 robe
rPois   .          Reflect  .   (no helmet)
rElec   .          Harm     .   (no cloak)
rCorr   .          Rampage  .   (no gloves)
Will    .....                   (no boots)
Stlth   ++........              (no amulet)
HPRegen 0.08/turn               (no ring)
MPRegen 0.13/turn               (no ring)

@: no status effects
A: no striking features
a: no special abilities


You were on level 3 of the Dungeon.
You visited 1 branch of the dungeon, and saw 3 of its levels.

You collected 118 gold pieces.

Inventory:

Armour
 a - a +0 robe (worn)
 i - a +0 kite shield
Jewellery
 d - a +6 ring of dexterity
 e - a +6 ring of strength
Scrolls
 b - a scroll of blinking {unknown}
 c - 2 scrolls of torment {unknown}
 f - a scroll of noise {unknown}
 g - a scroll of immolation {unknown}
 j - a scroll of identify {unknown}
Potions
 h - a potion of haste {unknown}


   Skills:
 - Level 2.4 Dodging
 - Level 2.4 Stealth
 + Level 4.3 Spellcasting
 + Level 2.1 Conjurations
 + Level 4.4 Fire Magic


You had 10 spell levels left.
You knew the following spells:

 Your Spells              Type           Power      Damage    Failure   Level
a - Foxfire               Conj/Fire      76%        2x1d7     2%          1

Your spell library contained the following spells:

 Spells                   Type           Power      Damage    Failure   Level
 Scorch                   Fire           48%        2d7       2%          2
 Conjure Flame            Conj/Fire      19%        6-21      9%          3
 Inner Flame              Hex/Fire       14%        N/A       13%         3
 Ignite Poison            Fire/Tmut/Pois 11%        N/A       19%         3
 Flame Wave               Conj/Fire      19%        2d6       28%         4
 Sticky Flame             Conj/Fire      19%        2d4       28%         4


Dungeon Overview and Level Annotations

Branches:
Dungeon (3/15)

Altars:


Message History

The foxfire hits the ball python.
The ball python is moderately wounded.
The foxfire hits the ball python.
You kill the ball python!
The foxfire hits the quokka.
The quokka is severely wounded.
The foxfire hits the quokka.
You kill the quokka!
You pick up an Everburning Encyclopedia and begin reading...
You add the spells Ignite Poison and Sticky Flame to your library.
Okay, then.
You conjure some foxfire!
The gnoll shouts!
Casting: Foxfire (safe; 2% risk of failure)
Confirm with . or Enter, or press ? or * to list all spells.
You don't know that spell.
Unknown command.
Okay, then.
There is not enough space to conjure foxfire!
Your foxfire dissipates!
The foxfire hits the gnoll but does no damage.
You conjure some foxfire!
The foxfire hits the gnoll.
The gnoll is lightly wounded.
There is not enough space to conjure foxfire!
The foxfire hits the gnoll.
The gnoll is heavily wounded.
You conjure some foxfire!
The gnoll barely misses you.
The foxfire hits the gnoll but does no damage.
The gnoll is heavily wounded.
The gnoll hits you with a +0 flail.
You conjure some foxfire!
The gnoll hits you with a +0 flail!
Ouch! That really hurt!
The foxfire hits the gnoll.
The gnoll is severely wounded.
The gnoll barely misses you.
You are too injured to fight recklessly!
The gnoll hits you with a +0 flail.
You are too injured to fight recklessly!
The gnoll hits you with a +0 flail!
You die...

#..#.#..
#.#..#.
#..#...
.....# ....#[
##.#... #.#..
....... #.###
## ## #.# #.#
######g#
#.....@#
###.######
#...#
###.).###
###.......###
..†.........#
###.......#.#
........###.#
##.###..# #.#


You could see a gnoll.

Vanquished Creatures
  2 gnolls (D:3)
  3 adders
  2 orcs
  4 bats
  4 endoplasms
  2 giant cockroaches
  3 goblins (D:1)
  A hobgoblin (D:2)
  A quokka (D:3)
  2 ball pythons
  4 kobolds
  5 rats
33 creatures vanquished.

Vanquished Creatures (others)
  149 foxfires
149 creatures vanquished.

Grand Total: 182 creatures vanquished

Notes
Turn   | Place    | Note
-------+----------+-------------------------------------------
     0 | D:1      | warriortoast the Deep Elf Fire Elementalist began the quest
                  | for the Orb.
     0 | D:1      | Reached XP level 1. HP: 10/10 MP: 6/6
   382 | D:1      | Reached XP level 2. HP: 15/15 MP: 1/8
  1048 | D:2      | Found Faimmov's Book Shop.
  1486 | D:2      | Reached XP level 3. HP: 19/19 MP: 7/10
  1873 | D:3      | Reached XP level 4. HP: 24/24 MP: 4/12
  2118 | D:3      | Slain by a gnoll

Illustrated notes

Levels and vault maps discovered:
D:1:      zaba_arrival_water, layout_loops_cross
D:2:      layout_rooms, serial_shops, shop
D:3:      layout_loops_ring, ebering_ecumenical_altar_abandoned,
          serial_bayou_ford_a, minivault_25, uniq_jessica,
          uniq_crazy_yiuf_cottage, uniq_robin

Skill      XL: |  1  2  3 |
---------------+----------+-----
Fire Magic     | 4 |  4.4
Spellcasting   | 4 |  4.3
Conjurations   | 2 |  2.1
Dodging        | |  2.4
Stealth        | |  2.4

Action                   |  1- 3 |  4- 6 || total
-------------------------+-------+-------++-------
 Cast: Foxfire           |    83 |    13 ||    96
Armor: Robe              |     2 |       ||     2
Dodge: Dodged            |     9 |     2 ||    11
